 Dungeon Crawl Stone Soup version 0.27.0-1-g7a089689b8 (webtiles) character file.

Game seed: 13205962711600477672

326 H0rd4k the Insei (level 6, -1/38 HPs)
             Began as an Octopode Transmuter on Aug 2, 2021.
             Slain by a hound skeleton (3 damage)
             ... on level 4 of the Dungeon.
             The game lasted 00:04:13 (4508 turns).

H0rd4k the Insei (Octopode Transmuter)              Turns: 4508, Time: 00:04:14

Health: -1/38      AC:  1    Str:  9    XL:     6   Next: 49%
Magic:  9/10       EV: 13    Int: 17    God:
Gold:   114        SH:  0    Dex: 13    Spells: 6/10 levels left

rFire    . . .     SeeInvis .     - Unarmed
rCold    . . .     Faith    .   (no shield)
rNeg     . . .     Spirit   .   (helmet restricted)
rPois    .         Reflect  .   (no amulet)
rElec    .         Harm     .   (no ring)
rCorr    .         Rampage  .   (no ring)
Will     .....                  (no ring)
Stlth    +++.......             (no ring)
HPRegen  0.12/turn              (no ring)
MPRegen  0.12/turn              (no ring)
                                (no ring)
                                (no ring)

@: no status effects
A: almost no armour, amphibious, 8 rings, camouflage 1, gelatinous body 1,
(nimble swimmer 1), tentacles
a: no special abilities


You were on level 4 of the Dungeon.
You visited 1 branch of the dungeon, and saw 4 of its levels.

You collected 114 gold pieces.

Inventory:

Scrolls
 a - a scroll of silence {unknown}
 c - a scroll of teleportation {unknown}
 d - 3 scrolls of identify {unknown}
 e - 2 scrolls of fear {unknown}
 g - 2 scrolls of enchant armour {unknown}
Potions
 b - 4 potions of curing
 f - 3 potions of attraction {unknown}
 h - a potion of might {unknown}
 i - a potion of flight {unknown}
 j - a potion of lignification {unknown}


   Skills:
 + Level 1.1 Fighting
 + Level 2.9 Dodging
 - Level 1.0 Stealth
 + Level 5.0 Unarmed Combat
 * Level 2.8 Spellcasting
 * Level 3.1 Transmutations
 * Level 2.7 Poison Magic


You had 6 spell levels left.
You knew the following spells:

 Your Spells              Type           Power      Damage    Failure   Level
a - Beastly Appendage     Tmut           24%        N/A       4%          1
b - Spider Form           Tmut/Pois      6%         N/A       16%         3

Your spell library contained the following spells:

 Spells                   Type           Power      Damage    Failure   Level
 Wereblood                Tmut           12%        N/A       8%          2
 Slow                     Hex            2%         N/A       26%         2
 Confusing Touch          Hex            2%         N/A       47%         3
 Ice Form                 Ice/Tmut       7%         N/A       67%         4
 Yara's Violent Unravell  Hex/Tmut       3%         3d4       95%         5


Dungeon Overview and Level Annotations

Branches:
Dungeon (4/15)
 Temple: D:4-7

Altars:

Shops:
D:2 [

Annotations:
D:4 3 runed translucent doors, NikiYani's ghost, amateur DEFE


Innate Abilities, Weirdness & Mutations

You cannot wear most types of armour.
You are amphibious.
You can wear up to eight rings at the same time.
Your skin changes colour to match your surroundings (Stealth+).
Your rubbery body absorbs attacks. (AC +1, EV +1)
((You are camouflaged near water. (Stealth+)))
You have tentacles for arms and can constrict up to eight enemies at once.


Message History

You bite the orc priest!
The orc priest is poisoned.
The orc priest is heavily wounded.
The hound skeleton bites you.
The orc priest hits you with a +0 trident.
You hit the orc priest but do no damage.
The orc priest looks as sick as possible!
The orc priest is heavily wounded.
The hound skeleton misses you. The orc priest closely misses you.
You hit the orc priest.
You kill the orc priest!
The hound skeleton bites you.
* * * LOW HITPOINT WARNING * * *
The hound skeleton barely misses you.
Your Unarmed Combat skill increases to level 5!
You bite the hound skeleton!
The hound skeleton is heavily damaged.
The orc wizard gestures at you while chanting.
The puff of flame hits you!
* * * LOW HITPOINT WARNING * * *
The hound skeleton closely misses you.
You hit the orc wizard.
The orc wizard is poisoned.
The orc wizard is moderately wounded.
The hound skeleton misses you. The orc wizard completely misses you.
You hit the orc wizard.
The orc wizard looks as sick as possible!
The orc wizard is heavily wounded.
Your transformation has ended.
The hound skeleton closely misses you. The orc wizard casts a spell at you.
You are confused.
It was a potion of curing.
You feel better. The hound skeleton bites you.
* * * LOW HITPOINT WARNING * * *
The orc wizard hits you with a +0 dagger.
* * * LOW HITPOINT WARNING * * *
Unknown command.
The orc wizard gestures wildly while chanting.
The orc wizard flickers and vanishes!
Deactivating autopickup; reactivate with Ctrl-A.
The hound skeleton bites you.
You die...

......./.
#.###+++#
#.#......
##.#......
##..#.......#
##...#g......#
#{)#†#o......#
#Z##.#W..$[..#
#@##o# ......#
#..##o#########
#..###......(..$
#...####.######
###.....g...#
###.......#
#<........#
#..g.........
..>..o........


You could see a hound skeleton.

Vanquished Creatures
  A water moccasin skeleton (D:3)
  A jelly (D:3)
  An orc priest (D:4)
  2 orc wizards
  4 adders (D:2)
  3 dart slugs
  10 orcs
  10 bats
  5 endoplasms
  3 giant cockroaches
  8 goblins
  10 hobgoblins
  4 jackals
  7 kobolds
  5 quokkas
  5 ball pythons
  3 frilled lizards
  8 rats
90 creatures vanquished.

Vanquished Creatures (others)
  An orc wizard (D:3)
1 creature vanquished.

Grand Total: 91 creatures vanquished

Notes
Turn   | Place    | Note
-------+----------+-------------------------------------------
     0 | D:1      | H0rd4k the Octopode Transmuter began the quest for the Orb.
     0 | D:1      | Reached XP level 1. HP: 13/13 MP: 3/3
   255 | D:1      | Reached XP level 2. HP: 16/18 MP: 5/5
   526 | D:1      | Reached skill level 1 in Stealth
   905 | D:1      | Reached XP level 3. HP: 22/23 MP: 6/6
   909 | D:1      | Learned a level 3 spell: Spider Form
  1397 | D:2      | Found Connetet's Armour Shoppe.
  1924 | D:2      | Reached skill level 1 in Poison Magic
  2080 | D:2      | Reached XP level 4. HP: 26/28 MP: 7/7
  2180 | D:2      | Found a faded altar of an unknown god.
  2452 | D:2      | Reached skill level 4 in Unarmed Combat
  2970 | D:3      | Reached XP level 5. HP: 11/33 MP: 5/8
  4154 | D:3      | Reached XP level 6. HP: 20/38 MP: 4/10
  4468 | D:3      | You fall into a shaft and drop 1 floor!
  4469 | D:4      | Noticed NikiYani's ghost (amateur DEFE)
  4472 | D:4      | Found a runed translucent gate.
  4472 | D:4      | Found a runed translucent gate.
  4472 | D:4      | Found a runed translucent gate.
  4504 | D:4      | Reached skill level 5 in Unarmed Combat
  4504 | D:4      | HP: 1/38 [orc wizard/puff of flame (10)]
  4508 | D:4      | Slain by a hound skeleton

Illustrated notes

Levels and vault maps discovered:
D:1:      enne_arrival_octagon_isle, layout_loops_ring
D:2:      minmay_thinvault, layout_loops_ring, serial_shops,
          nicolae_square_shop, hellmonk_ecumenical_altar_leap_of_faith,
          serial_rivers, chequers_serial_rivers_micro_b,
          chequers_serial_rivers_micro_b, chequers_serial_rivers_large_a,
          chequers_serial_rivers_micro_c, chequers_serial_rivers_micro_d,
          chequers_serial_rivers_micro_c
D:3:      cheibrodos_old_hovel, layout_basic
D:4:      layout_rooms, gammafunk_ghost_split

Skill      XL: |  1  2  3  4  5  6 |
---------------+-------------------+-----
Stealth        | 1 |  1.0
Poison Magic   | 1 2 |  2.7
Unarmed Combat | 4 5 |  5.0
Transmutations | 3 |  3.1
Fighting       | |  1.1
Dodging        | |  2.9
Spellcasting   | |  2.8

Action                   |  1- 3 |  4- 6 || total
-------------------------+-------+-------++-------
Melee: Unarmed           |    98 |   149 ||   247
       Constrict         |    29 |    18 ||    47
       Tentacles         |    13 |    12 ||    25
       Punch             |     4 |     1 ||     5
 Cast: Spider Form       |     1 |     8 ||     9
  Use: Potion            |       |     1 ||     1
 Stab: Sleeping          |     6 |     5 ||    11
Armor: Skin              |     7 |     8 ||    15
Dodge: Dodged            |    56 |   108 ||   164
